 Dungeon Crawl Stone Soup version 0.31-a0-986-g5e6e4ef867 (webtiles) character file.

Game seed: 4083767560788214486

25 LeprechaunX the Changeling (level 3, -2/23 HPs)
             Began as an Octopode Shapeshifter on Nov 6, 2023.
             Slain by a kobold
             ... wielding a +0 short sword
              (4 damage)
             ... on level 1 of the Dungeon.
             The game lasted 00:00:35 (509 turns).

LeprechaunX the Changeling (Octopode Shapeshifter)   Turns: 509, Time: 00:00:36

Health: -2/23      AC:  1    Str: 13    XL:     3   Next: 4%
Magic:  3/3        EV: 13    Int: 12    God:
Gold:   45         SH:  0    Dex: 13    Spells: 2/2 levels left

rFire   . .          .
                       - Unarmed
rCold   . . .        (no shield)
rNeg    . . .        (helmet currently unavailable)
rPois   .            (no amulet)
rElec   .            (no ring)
rCorr   .            (no ring)
SInv    .            (no ring)
Will    .....        (no ring)
Stlth   ++           (no ring)
HPRegen 0.23/turn    (no ring)
MPRegen 0.08/turn    (no ring)
                     (no ring)

%: no passive effects
@: beast-form
A: beast (slay +2), almost no armour, amphibious, 8 rings, camouflage 1,
gelatinous body 1, (nimble swimmer 1), tentacles
a: Begin Untransformation


You were on level 1 of the Dungeon.
You were a hulking beast.
You visited 1 branch of the dungeon, and saw 1 of its levels.

You collected 45 gold pieces.

Inventory:

Talismans
 b - a beast talisman
 c - a flux talisman
Scrolls
 e - a scroll of enchant weapon {unknown}
 g - 2 scrolls of noise {unknown}
 h - a scroll of identify {unknown}
Potions
 a - a potion of lignification
 d - a potion of curing {unknown}
 f - a potion of resistance {unknown}


   Skills:
 + Level 1.6 Fighting
 - Level 2.0 Dodging
 + Level 3.2 Unarmed Combat
 * Level 3.5 Shapeshifting


You had 2 spell levels left.
You didn't know any spells.
Your spell library was empty.

Dungeon Overview and Level Annotations

Branches:
Dungeon (1/15)

Altars:


Innate Abilities, Weirdness & Mutations

You are a hulking beast.
Your limbs bulge with bestial killing power. (Slay +2)
You cannot wear most types of armour.
You are amphibious.
You can wear up to eight rings at the same time.
Your skin changes colour to match your surroundings (Stealth+).
Your rubbery body absorbs attacks. (AC +1, EV +1)
((You are camouflaged when in or above water. (Stealth+)))
You have tentacles for arms and can constrict up to eight enemies at once.


Message History

The endoplasm attacks as it pursues you!
The endoplasm hits you.
* * * LOW HITPOINT WARNING * * *
You tentacle-slap the goblin but do no damage.
Your grab misses the goblin. You squeeze the goblin.
The goblin is severely wounded.
The goblin closely misses you.
You tentacle-slap the goblin.
You kill the goblin!
You barely miss the endoplasm. The endoplasm hits you.
* * * LOW HITPOINT WARNING * * *
You tentacle-slap the endoplasm.
The endoplasm is almost dead.
The endoplasm hits you but does no damage.
You tentacle-slap the endoplasm.
You kill the endoplasm!
You barely miss the ball python. You grab the ball python.
You constrict the ball python. The ball python barely misses you. x2
The ball python closely misses you. The ball python barely misses you.
You barely miss the ball python. You tentacle-slap the ball python.
You kill the ball python!
You have reached level 3!
Your experience leads to an increase in your attributes!
Increase (S)trength, (I)ntelligence, or (D)exterity?
You feel agile. x2
You drop a scroll labelled KEUJOTWI FANK.
The goblin closely misses you.
You closely miss the goblin. Your grab misses the goblin.
Your squeeze misses the goblin. The goblin hits you with a +0 club.
* * * LOW HITPOINT WARNING * * *
You tentacle-slap the goblin but do no damage.
You grab the goblin. You constrict the goblin.
The goblin hits you with a +0 club.
* * * LOW HITPOINT WARNING * * *
You tentacle-slap the goblin.
You kill the goblin!
You closely miss the kobold. You grab the kobold.
You constrict the kobold, but do no damage.
The kobold hits you with a +0 short sword.
You die...

####.#####.#.##.##........
#..........#.#..####.#....
#.#######..#....## #.#....
# #####..#.....###.#..#.
#........)....##.#..#. .
#............###......
...###.###..#..>.(.........
#......###.............#.#.
.....)..JKh##...#.####.#.#.
.###.....####.#....# #.#.#.
#.#.#.# ##......# #.#.#.
.................# #.#.#.
###.#.#.#####.....# #.#.##
#.....# ##.#..###.#.##
##...## #..........## ....
#.#.......... #.######.####


You could see an endoplasm and a kobold.

Vanquished Creatures
  3 endoplasms (D:1)
  5 giant cockroaches (D:1)
  2 hobgoblins (D:1)
  A ball python (D:1)
  3 bats (D:1)
  2 goblins (D:1)
  4 kobolds (D:1)
  A rat (D:1)
21 creatures vanquished.

Notes
Turn   | Place    | Note
-------+----------+-------------------------------------------
     0 | D:1      | LeprechaunX the Octopode Shapeshifter began the quest for
                  | the Orb.
     0 | D:1      | Reached XP level 1. HP: 13/13 MP: 1/1
   183 | D:1      | Reached XP level 2. HP: 18/18 MP: 2/2
   505 | D:1      | Reached XP level 3. HP: 7/23 MP: 3/3
   509 | D:1      | Slain by a kobold

Illustrated notes

Levels and vault maps discovered:
D:1:      dpeg_arrival_rooms_a, layout_loops_ring, minmay_worlds_worst_comb

Action                     || total
---------------------------++-------
  Melee: Unarmed           ||    48
         Constrict         ||     9
         Tentacles         ||     6
         Punch             ||     1
   Stab: Sleeping          ||     4
 Armour: Skin              ||    23
  Dodge: Dodged            ||    21

Table legend: (Time is in decaauts)
 A = Elapsed time spent in this place.
 B = Non-inter-level travel time spent in this place.
 C = Inter-level travel time spent in this place.
 D = Time resting spent in this place.
 E = Time spent auto-exploring this place.
 F = Levels seen in this place.
 G = Mean time per level.
                   A        B        C        D        E       F      G
               +--------+--------+--------+--------+--------+-----+--------+
         Total |    507 |    507 |      0 |      0 |    395 |   1 |  507.0 |
       Dungeon |    507 |    507 |      0 |      0 |    395 |   1 |  507.0 |
               +--------+--------+--------+--------+--------+-----+--------+

Top non-repeatable levels by time:
     D:1: 507 daAuts
